 Dungeon Crawl Stone Soup version 0.29.1-12-g30fa7ad0bf (webtiles) character file.

Game seed: 7546723203905674681

1456 H0rd4k the Insei (level 8, -5/54 HPs)
             Began as an Octopode Artificer on Dec 22, 2022.
             Slain by an ice beast (11 damage)
             ... on level 7 of the Dungeon.
             The game lasted 00:08:17 (9459 turns).

H0rd4k the Insei (Octopode Artificer)               Turns: 9459, Time: 00:08:17

Health: -5/54      AC:  1    Str: 11    XL:     8   Next: 76%
Magic:  14/14      EV: 13    Int: 16    God:
Gold:   323        SH:  0    Dex: 12    Spells: 15/15 levels left

rFire   . . .      SeeInvis .     - Unarmed
rCold   . . .      Faith    .   (no shield)
rNeg    . . .      Spirit   .   (helmet restricted)
rPois   .          Reflect  .   (no amulet)
rElec   .          Harm     .   k - ring of flight
rCorr   .          Rampage  .   (no ring)
Will    .....                   (no ring)
Stlth   +++.......              (no ring)
HPRegen 0.18/turn               (no ring)
MPRegen 0.14/turn               (no ring)
                                (no ring)
                                (no ring)

@: flying
A: almost no armour, amphibious, 8 rings, camouflage 1, gelatinous body 1,
(nimble swimmer 1), tentacles
a: no special abilities


You were on level 7 of the Dungeon.
You visited 1 branch of the dungeon, and saw 7 of its levels.
You also visited: Sewer.

You collected 323 gold pieces.

Inventory:

Hand Weapons
 m - a +4 dagger
Missiles
 b - 2 throwing nets
 j - 21 poisoned darts (quivered)
Jewellery
 k - a ring of flight (left tentacle)
Wands
 c - a wand of charming (3)
 d - a wand of polymorph (3)
 u - a wand of roots (3)
 C - a wand of flame (18)
Scrolls
 a - 9 scrolls of identify {unknown}
 e - 2 scrolls of magic mapping {unknown}
 f - 4 scrolls of fear {unknown}
 g - a scroll of blinking {unknown}
 h - a scroll of enchant armour {unknown}
 i - a scroll of brand weapon {unknown}
 p - a scroll of acquirement {unknown}
 q - 2 scrolls of amnesia {unknown}
 w - a scroll of teleportation {unknown}
 x - 2 scrolls of vulnerability {unknown}
 y - a scroll of noise {unknown}
 A - a scroll of immolation {unknown}
 B - a scroll of enchant weapon {unknown}
Potions
 l - a potion of might {unknown}
 n - 2 potions of heal wounds
 o - a potion of lignification
 r - 2 potions of haste {unknown}
 s - 3 potions of mutation {unknown}
 t - a potion of resistance {unknown}
 v - 3 potions of brilliance {unknown}
 z - 2 potions of curing {unknown}


   Skills:
 * Level 4.6 Fighting
 + Level 1.6 Throwing
 - Level 2.3 Dodging
 - Level 1.3 Stealth
 + Level 7.7 Unarmed Combat
 * Level 4.3 Spellcasting
 - Level 3.2 Evocations


You had 15 spell levels left.
You didn't know any spells.
Your spell library contained the following spells:

 Spells                   Type           Power      Damage    Failure   Level
 Beastly Appendage        Tmut           6%         N/A       16%         1
 Magic Dart               Conj           12%        1d3       16%         1
 Call Imp                 Summ           3%         N/A       24%         2
 Wereblood                Tmut           3%         N/A       24%         2
 Mephitic Cloud           Conj/Pois/Air  3%         N/A       43%         3
 Spider Form              Tmut/Pois      3%         N/A       43%         3


Dungeon Overview and Level Annotations

Branches:
Dungeon (7/15)              Sewer (visited)
 Temple: D:4-7

Altars:
Ashenzari

Shops:
D:6 (

Annotations:
D:4 exclusions: black bear and downstairs


Innate Abilities, Weirdness & Mutations

You cannot wear most types of armour.
You are amphibious.
You can wear up to eight rings at the same time.
Your skin changes colour to match your surroundings (Stealth+).
Your rubbery body absorbs attacks. (AC +1, EV +1)
((You are camouflaged when in or above water. (Stealth+)))
You have tentacles for arms and can constrict up to eight enemies at once.


Message History

An orc warrior is nearby!
An orc warrior is nearby!
An orc comes into view. It is wielding a +0 club.
An ice beast comes into view.
Found a wand of flame (22) and 33 gold pieces.
C - a wand of flame (22)
There are no items here.
Found a sapphire potion.
You now have 323 gold pieces (gained 14).
Found a stone staircase leading down.
A bullfrog comes into view.
Aiming: Throw Flame
Press: ? - help, Shift-Dir - straight line, f - ice beast
Aim: an ice beast (71% to hit)
The puff of flame misses the ice beast.
The ice beast hits you. The ice beast freezes you!
Unknown command.
Aiming: Throw Flame
Press: ? - help, Shift-Dir - straight line, f/p - ice beast
Aim: an ice beast (71% to hit)
The puff of flame hits the ice beast!
The ice beast melts!
The ice beast is moderately wounded.
The ice beast completely misses you.
Unknown command.
Aiming: Throw Flame
Press: ? - help, Shift-Dir - straight line, f/p - ice beast
Aim: an ice beast (moderately wounded, 71% to hit)
The puff of flame hits the ice beast!
The ice beast melts!
The ice beast is severely wounded.
The ice beast hits you. The ice beast freezes you!
* * * LOW HITPOINT WARNING * * *
Aiming: Throw Flame
Press: ? - help, Shift-Dir - straight line, f/p - ice beast
Aim: an ice beast (severely wounded, 71% to hit)
The puff of flame hits the ice beast!
The ice beast melts!
The ice beast is almost dead.
The ice beast hits you.
* * * LOW HITPOINT WARNING * * *
The ice beast freezes you!
You die...

##### #...## #....##
##.....# ##.....######
####.......##..####
#......#.......##.##
......##...#.#..@..#
..##...#..####..#Y.##
.###.#.##..#>.......#
...)##.#.............#
..#..#...$...#.......#
.##........###.........#
..#.....#.. #...!......
........#.. #.........##
#..o........ ...........


You could see an ice beast.

Vanquished Creatures
  3 ogres (D:5)
  3 kobold brigands
  A phantom (D:5)
  A gnoll sergeant (D:5)
  4 scorpions
  A necrophage (D:6)
  A jelly (D:5)
  An orc priest (D:3)
  2 hounds
  Ijyb (D:3)
  Robin (D:2)
  9 gnolls (D:5)
  8 adders
  6 river rats
  3 white imps (D:6)
  An ufetubus (D:4)
  6 worms
  3 dart slugs
  6 orcs
  10 ball pythons
  11 endoplasms
  3 giant cockroaches
  10 goblins
  6 hobgoblins
  6 jackals
  5 quokkas
  5 bats
  25 kobolds
  5 rats
147 creatures vanquished.

Vanquished Creatures (collateral kills)
  A dart slug (D:2)
  A ball python (D:3)
  An endoplasm (D:2)
  A giant cockroach (D:3)
  A goblin (D:2)
  A rat (D:3)
6 creatures vanquished.

Vanquished Creatures (others)
  An orc wizard (D:4)
  An adder (D:2)
  A river rat (D:3)
  2 goblins (D:2)
  A ball python (D:2)
6 creatures vanquished.

Grand Total: 159 creatures vanquished

Notes
Turn   | Place    | Note
-------+----------+-------------------------------------------
     0 | D:1      | H0rd4k the Octopode Artificer began the quest for the Orb.
     0 | D:1      | Reached XP level 1. HP: 13/13 MP: 1/1
   181 | D:1      | Reached skill level 1 in Spellcasting
   454 | D:1      | Found a faded altar of an unknown god.
   460 | D:1      | Reached XP level 2. HP: 18/18 MP: 3/3
  1368 | D:2      | HP: 1/27 [poisoned by an adder]
  1372 | D:2      | Reached XP level 3. HP: 1/24 MP: 5/5
  1373 | D:2      | Reached skill level 1 in Unarmed Combat
  1891 | D:2      | Noticed Robin
  1900 | D:2      | Killed Robin
  1928 | D:2      | Reached XP level 4. HP: 10/29 MP: 7/7
  2634 | D:3      | Noticed Ijyb
  2637 | D:3      | Reached skill level 2 in Unarmed Combat
  2643 | D:3      | Killed Ijyb
  2761 | D:3      | Reached XP level 5. HP: 18/35 MP: 8/8
  2891 | D:3      | Found a glowing drain.
  2951 | Sewer    | Entered a sewer
  3235 | Sewer    | Reached skill level 3 in Unarmed Combat
  3793 | Sewer    | Noticed a kobold brigand
  3806 | Sewer    | Killed a kobold brigand
  3807 | Sewer    | Reached XP level 6. HP: 31/41 MP: 8/10
  3986 | Sewer    | Reached skill level 4 in Unarmed Combat
  5403 | D:4      | Reached XP level 7. HP: 29/46 MP: 11/11
  5652 | D:4      | Reached skill level 5 in Unarmed Combat
  6884 | D:5      | Entered Level 5 of the Dungeon
  7623 | D:5      | Reached skill level 6 in Unarmed Combat
  7660 | D:5      | Reached XP level 8. HP: 36/54 MP: 13/13
  8126 | D:5      | Reached skill level 7 in Unarmed Combat
  8347 | D:6      | Found a broken altar of Ashenzari.
  8669 | D:6      | Reached skill level 1 in Throwing
  8893 | D:6      | Found Owkeigu's Antique Weapon Shop.
  9459 | D:7      | Slain by an ice beast

Illustrated notes

Levels and vault maps discovered:
D:1:      dpeg_arrival_castle, layout_basic,
          shapermc_ecumenical_altar_totnotflames
D:2:      layout_loops_ring, uniq_robin
D:3:      layout_basic, portal_sewer_entry_a, uniq_ijyb
D:4:      layout_layer_cave, nicolae_shop_firing_range
D:5:      layout_cave_pods
D:6:      layout_basic, mainiacjoe_overflow_chevrons, serial_shops,
          nicolae_inconvenience_store
D:7:      layout_cave_pools, temple_statues, serial_shops,
          nicolae_shop_hallway_plus, lightli_church_of_beogh, uniq_menkaure

Skill      XL: |  1  2  3  4  5  6  7  8 |
---------------+-------------------------+-----
Spellcasting   | 1 2 3 4 |  4.3
Unarmed Combat | 1 2 3 4 6 7 |  7.7
Fighting       | 2 3 4 |  4.6
Throwing       | 1 |  1.6
Dodging        | |  2.3
Stealth        | |  1.3
Evocations     | |  3.2

Action                   |  1- 3 |  4- 6 |  7- 9 || total
-------------------------+-------+-------+-------++-------
Melee: Unarmed           |    80 |   164 |   108 ||   352
       Tentacles         |    13 |    33 |    30 ||    76
       Constrict         |    21 |    37 |    34 ||    92
       Punch             |     2 |     3 |     6 ||    11
Throw: Dart              |       |       |    30 ||    30
Evoke: Wand              |     4 |    15 |    22 ||    41
  Use: Potion            |     2 |       |     1 ||     3
 Stab: Sleeping          |     7 |    18 |     4 ||    29
       Invisible         |     1 |       |       ||     1
Armor: Skin              |    16 |     5 |     4 ||    25
Dodge: Dodged            |    53 |    82 |    65 ||   200
